 Dungeon Crawl Stone Soup version 0.17.1-3-g152610e (webtiles) character file.

434 Jaijje the Poker (level 6, -9/50 HPs)
             Began as a Demonspawn Abyssal Knight on Feb 23, 2016.
             Was a Priest of Lugonu.
             Mangled by Menkaure (17 damage)
             ... on level 5 of the Dungeon.
             The game lasted 00:15:21 (4530 turns).

Jaijje the Poker (Demonspawn Abyssal Knight)        Turns: 4530, Time: 00:15:21

Health: -9/50      AC:  9    Str: 18    XL:     6   Next: 68%
Magic:  0/7        EV: 11    Int: 13    God:    Lugonu [***...]
Gold:   248        SH:  0    Dex: 17    Spells: 0 memorised, 5 levels left

rFire  . . .     SeeInvis .     a - +2 spear
rCold  . . .     Clarity  .     b - +0 leather armour
rNeg   + . .     SustAt   .     (no shield)
rPois  .         Gourm    .     k - +2 hat
rElec  .         Spirit   +     m - +0 cloak
rCorr  .         Warding  +     h - +0 pair of gloves
rMut   .         Stasis   .     (no boots)
MR     .....                    n - amulet of warding
Stlth  +.........               y - +4 ring of dexterity
                                x - +4 ring of strength

@: starving, not resistant to hostile enchantments, very unstealthy
A: thin metallic scales 1, magic shield, rot immunity
a: Depart the Abyss, Bend Space, Banish, Renounce Religion


You were on level 5 of the Dungeon.
You worshipped Lugonu.
Lugonu was most pleased with you.
You were starving.

You visited 1 branch of the dungeon, and saw 5 of its levels.
You visited the Abyss 1 time.

You collected 248 gold pieces.

Inventory:

Hand Weapons
 a - a +2 spear (weapon)
 B - the cursed +1 long sword "Coiq" {freeze, +Rage}
   (You found it on level 4 of the Dungeon)

   It has been specially enchanted to freeze those struck by it, causing extra
   injury to most foes and up to half again as much damage against particularly
   susceptible opponents.
   It can also slow down cold-blooded creatures.
   It lets you go berserk.
   It has a curse placed upon it.
Missiles
 e - 4 javelins (quivered)
Armour
 b - a +0 leather armour (worn)
 h - a +0 pair of gloves (worn)
 k - a +2 hat (worn)
 m - a +0 cloak (worn)
Jewellery
 n - an amulet of warding (around neck)
 x - a +4 ring of strength (left hand)
 y - a +4 ring of dexterity (right hand)
Wands
 A - a wand of paralysis (9)
Scrolls
 d - 5 scrolls of teleportation
 f - 2 scrolls of enchant armour
 g - a scroll of enchant weapon
 r - 2 scrolls of blinking
 s - a scroll of fear {unknown}
 E - a scroll of identify
Potions
 i - 2 potions of curing
 o - 3 potions of flight {unknown}
 q - a potion of cancellation
 t - a potion of might
 v - a potion of brilliance {unknown}
 w - a potion of lignification {unknown}
 z - a potion of beneficial mutation {unknown}
 C - a potion of haste {unknown}
 D - a potion of agility
Comestibles
 c - 4 bread rations
 j - a royal jelly
 l - a meat ration
 p - 2 slices of pizza
 u - 3 fruits


   Skills:
 + Level 4.8 Fighting
 * Level 5.4 Polearms
 - Level 2.0 Armour
 - Level 1.0 Dodging
 - Level 2.5 Invocations


You had 5 spell levels left.
You didn't know any spells.

Dungeon Overview and Level Annotations

Branches:
Dungeon (5/15)
 Temple: D:4-7

Altars:
Dithmenos
Gozag
Kikubaaqudgha
Trog
Vehumet
Xom
Zin

Annotations:
D:5 Menkaure, Sigmund


Innate Abilities, Weirdness & Mutations

You are partially covered in thin metallic scales (AC +2).
When hurt, damage is shared between your health and your magic reserves.
You are immune to rotting.


Message History

You hit Menkaure but do no damage.
Menkaure is lightly damaged.
Menkaure hits you!!
* * * LOW HITPOINT WARNING * * *
You puncture Menkaure!
Menkaure is heavily damaged.
Menkaure barely misses you.
You barely miss Menkaure.
Menkaure is heavily damaged.
Menkaure barely misses you.
You hit Menkaure.
Menkaure is heavily damaged.
Menkaure calls on the powers of darkness!
Your body is wracked with pain!
* * * LOW HITPOINT WARNING * * *
You hit Menkaure.
Menkaure is heavily damaged.
Menkaure breathes soot at you. Menkaure hits you!!
You die...

#....# #.# #.#####.###.# #.
##.#########.##.##..<...@##...##.
#.# #..........................
#.# #.#.#####+##.########...##.
#.# #.'.....##.# #.)..###. #.#
###.###.##.## #........ #># #.#
#.# #.#...#####........
#.####.###.###.#..........##.###
#........#.....@M..# #### #.
####.#.#.#+############ #
###.##..#.#...........
#.......#...#.########
#...........#.# #......######.#
#.....## #.# #.....# #.# #.#.###
#.#


You could see Menkaure.

Vanquished Creatures
  A giant frog (D:4)
  A water moccasin zombie (D:5)
  A crimson imp (D:5)
  An orc wizard (D:3)
  A giant frog skeleton (D:4)
  2 worker ants (D:4)
  A hound skeleton (D:4)
  4 adders
  2 worms (D:2)
  3 giant geckos (D:1)
  18 orcs
  2 ball pythons
  10 bats
  8 giant cockroaches
  6 hobgoblins
  3 kobolds (D:2)
  2 quokkas (D:2)
  A giant cockroach zombie (D:5)
  2 giant newts
  3 goblins
  3 jackals (D:2)
  8 rats
83 creatures vanquished.

Notes
Turn   | Place    | Note
--------------------------------------------------------------
     0 | Abyss:1  | Jaijje the Demonspawn Abyssal Knight began the quest for the Orb.
     0 | Abyss:1  | Reached XP level 1. HP: 18/18 MP: 2/2
    29 | Abyss:1  | Noticed a smoke demon
    33 | D:1      | Escaped the Abyss
    98 | D:1      | Reached * piety under Lugonu
   166 | D:1      | Reached skill level 1 in Dodging
   166 | D:1      | Gained mutation: You are partially covered in thin metallic scales (AC +2). [demonic ancestry]
   166 | D:1      | Reached XP level 2. HP: 16/24 MP: 3/3
   951 | D:2      | Gained mutation: When hurt, damage is shared between your health and your magic reserves. [demonic ancestry]
   951 | D:2      | Reached XP level 3. HP: 26/29 MP: 4/4
  1295 | D:2      | Reached ** piety under Lugonu
  1346 | D:2      | Found an opulent altar of Gozag.
  1517 | D:2      | Reached skill level 4 in Fighting
  1656 | D:3      | Gained mutation: You are immune to rotting. [demonic ancestry]
  1656 | D:3      | Reached XP level 4. HP: 37/37 MP: 5/5
  1813 | D:3      | Found a shadowy altar of Dithmenos.
  1930 | D:3      | Found an ancient bone altar of Kikubaaqudgha.
  2454 | D:3      | Reached XP level 5. HP: 42/42 MP: 6/6
  2653 | D:4      | Found a glowing silver altar of Zin.
  2772 | D:4      | Got an ichor-stained long sword
  3065 | D:4      | Identified the cursed +1 long sword "Coiq" {freeze, +Rage} (You found it on level 4 of the Dungeon)
  3129 | D:4      | Noticed a phantom
  3616 | D:5      | Entered Level 5 of the Dungeon
  3653 | D:5      | Reached XP level 6. HP: 28/49 MP: 7/7
  3956 | D:5      | Found a bloodstained altar of Trog.
  4036 | D:5      | Noticed Sigmund
  4126 | D:5      | Found a shimmering altar of Xom.
  4148 | D:5      | Paralysed by a crimson imp for 4 turns
  4221 | D:4      | Reached skill level 5 in Polearms
  4475 | D:5      | Found a radiant altar of Vehumet.
  4501 | D:5      | Reached *** piety under Lugonu
  4518 | D:5      | Noticed Menkaure
  4530 | D:5      | Mangled by Menkaure

Action                   |  1- 3 |  4- 6 || total
-------------------------+-------+-------++-------
Melee: Spear             |   173 |   270 ||   443
Throw: Javelin           |       |    18 ||    18
Invok: Depart the Abyss  |     1 |       ||     1
  Use: Scroll            |     5 |     6 ||    11
       Potion            |       |     4 ||     4
 Stab: Sleeping          |     3 |       ||     3
  Eat: Chunk             |     3 |     7 ||    10
